2212 views
Uploaded 2022-09-06 04:01:23
Game version 1.33
31:06 long 3on3 ladder game on (6)Monsoon_LV
Saved by GIGA
2212 views
Uploaded 2022-09-06 04:01:23
Game version 1.33
31:06 long 3on3 ladder game on (6)Monsoon_LV


145 units @ 19.3k
/ 2.6k
92 buildings @ 14.4k
/ 6k


| Rod of Necromancy | 1 | 150 |
| Ritual Dagger | 1 | 125 |
| Orb of Corruption | 1 | 375 |
| Boots of Speed | 2 | 500 |
| Staff of Teleportation | 2 | 300 |
| Periapt of Vitality | 1 | 325 |
| Potion of Lesser Invulnerability | 1 | 150 |
| total: | 9 | 1925g |
| Acolyte | 20 | 1500 | / | 0 |
| Ghoul | 7 | 840 | / | 0 |
| Crypt Fiend | 11 | 2365 | / | 440 |
| Obsidian Statue | 2 | 400 | / | 70 |
| total: | 40 | 5105g | / | 510w |
| Nerubian Tower | 2 | 200 | / | 40 |
| Spirit Tower | 5 | 725 | / | 200 |
| Altar of Darkness | 1 | 180 | / | 50 |
| Ziggurat | 14 | 2100 | / | 700 |
| Crypt | 2 | 400 | / | 100 |
| Necropolis | 4 | 900 | / | 0 |
| Tomb of Relics | 3 | 390 | / | 90 |
| Graveyard | 1 | 215 | / | 0 |
| Slaughterhouse | 1 | 140 | / | 135 |
| Sacrificial Pit | 1 | 75 | / | 150 |
| Halls of the Dead | 1 | 320 | / | 210 |
| Black Citadel | 1 | 325 | / | 230 |
| total: | 27 | 4400g | / | 1225w |
| 0:08 | Acolyte |
| 0:08 | Acolyte |
| 0:11 | Altar of Darkness |
| 0:14 | Ziggurat |
| 0:27 | Acolyte |
| 0:49 | Acolyte |
| 0:54 | Crypt |
| 1:16 | Necropolis |
| 1:47 | Acolyte |
| 1:56 | Ghoul |
| 1:56 | Ghoul |
| 2:02 | Ziggurat |
| 2:04 | Nerubian Tower |
| 2:23 | Carrion Swarm |
| 2:40 | Tomb of Relics |
| 2:45 | Graveyard |
| 2:47 | Ghoul |
| 3:10 | Ghoul |
| 3:10 | Ghoul |
| 3:44 | Sleep |
| 3:50 | Cannibalize |
| 3:53 | Rod of Necromancy |
| 3:53 | Ritual Dagger |
| 3:56 | Ghoul |
| 4:24 | Halls of the Dead |
| 5:24 | Crypt Fiend |
| 5:52 | Crypt Fiend |
| 6:04 | Necropolis |
| 7:20 | Black Citadel |
| 7:28 | Ziggurat |
| 7:29 | Ziggurat |
| 7:37 | Ghoul |
| 7:42 | Crypt |
| 7:49 | Acolyte |
| 7:49 | Acolyte |
| 7:49 | Acolyte |
| 8:11 | Web |
| 8:15 | Creature Attack |
| 9:13 | Spirit Tower |
| 9:14 | Spirit Tower |
| 9:18 | Acolyte |
| 9:21 | Ziggurat |
| 9:23 | Ziggurat |
| 9:25 | Ziggurat |
| 9:27 | Ziggurat |
| 9:45 | Crypt Fiend |
| 9:48 | Crypt Fiend |
| 9:57 | Tomb of Relics |
| 10:00 | Carrion Swarm |
| 11:01 | Spirit Tower |
| 11:14 | Crypt Fiend |
| 11:18 | Spirit Tower |
| 12:10 | Slaughterhouse |
| 12:31 | Boots of Speed |
| 13:17 | Sleep |
| 13:26 | Crypt Fiend |
| 13:28 | Burrow |
| 13:42 | Obsidian Statue |
| 14:58 | Crypt Fiend |
| 14:58 | Crypt Fiend |
| 15:08 | Acolyte |
| 15:08 | Acolyte |
| 15:08 | Acolyte |
| 15:08 | Acolyte |
| 15:31 | Crypt Fiend |
| 17:16 | Staff of Teleportation |
| 17:32 | Necropolis |
| 18:44 | Unholy Strength |
| 19:06 | Sacrificial Pit |
| 19:13 | Ziggurat |
| 19:13 | Ziggurat |
| 19:14 | Ziggurat |
| 19:15 | Ziggurat |
| 19:16 | Ziggurat |
| 19:16 | Ziggurat |
| 19:18 | Acolyte |
| 19:19 | Acolyte |
| 19:19 | Acolyte |
| 19:21 | Crypt Fiend |
| 19:22 | Crypt Fiend |
| 20:02 | Acolyte |
| 20:02 | Acolyte |
| 20:02 | Acolyte |
| 20:13 | Tomb of Relics |
| 20:17 | Spirit Tower |
| 20:23 | Nerubian Tower |
| 21:06 | Necropolis |
| 21:48 | Orb of Corruption |
| 22:46 | Carrion Swarm |
| 23:55 | Breath of Fire |
| 24:01 | Boots of Speed |
| 24:02 | Periapt of Vitality |
| 24:02 | Staff of Teleportation |
| 24:25 | Acolyte |
| 25:27 | Obsidian Statue |
| 27:35 | Drunken Haze |
| 28:46 | Breath of Fire |
| 29:43 | Potion of Lesser Invulnerability |
| Right click | 1040 |
| Chat | 617 |
| Select | 364 |
| Select group | 246 |
| Build/train/purchase | 88 |
| Minimap ping | 61 |
| Misc. action | 46 |
| Use ability | 42 |
| Assign group | 38 |
| Esc | 6 |
| Item give/drop | 3 |



| Healing Salve | 2 | 200 |
| Lesser Clarity Potion | 2 | 140 |
| total: | 4 | 340g |
| Peon | 35 | 2625 | / | 0 |
| Grunt | 5 | 1000 | / | 0 |
| Spirit Walker | 3 | 585 | / | 105 |
| Troll Batrider | 22 | 3520 | / | 880 |
| Shaman | 4 | 520 | / | 80 |
| total: | 69 | 8250g | / | 1065w |
| Watch Tower | 18 | 1980 | / | 1440 |
| Orc Burrow | 7 | 1120 | / | 280 |
| Altar of Storms | 1 | 180 | / | 50 |
| Barracks | 1 | 180 | / | 50 |
| Voodoo Lounge | 1 | 130 | / | 30 |
| War Mill | 1 | 205 | / | 0 |
| Great Hall | 3 | 1155 | / | 555 |
| Tauren Totem | 1 | 135 | / | 155 |
| Beastiary | 3 | 435 | / | 420 |
| Spirit Lodge | 1 | 150 | / | 150 |
| Stronghold | 2 | 630 | / | 380 |
| Fortress | 1 | 325 | / | 190 |
| total: | 37 | 5670g | / | 3130w |
| 0:03 | Peon |
| 0:03 | Peon |
| 0:03 | Peon |
| 0:20 | Orc Burrow |
| 0:20 | Peon |
| 0:21 | Peon |
| 0:34 | Altar of Storms |
| 0:35 | Peon |
| 0:52 | Barracks |
| 1:00 | Peon |
| 1:50 | Orc Burrow |
| 1:55 | Voodoo Lounge |
| 2:08 | Grunt |
| 2:17 | War Mill |
| 2:30 | Peon |
| 2:40 | Wind Walk |
| 2:46 | Grunt |
| 2:58 | Grunt |
| 3:42 | Stronghold |
| 4:19 | Grunt |
| 4:21 | Steel Armor |
| 4:25 | Watch Tower |
| 4:32 | Orc Burrow |
| 5:26 | Grunt |
| 5:28 | Steel Melee Weapons |
| 5:49 | Critical Strike |
| 5:57 | Healing Salve |
| 5:57 | Healing Salve |
| 6:04 | Lesser Clarity Potion |
| 6:04 | Lesser Clarity Potion |
| 6:09 | Tauren Totem |
| 6:44 | Great Hall |
| 6:55 | Critical Strike |
| 7:19 | Watch Tower |
| 7:24 | Spirit Walker |
| 7:37 | Incinerate |
| 7:58 | Fortress |
| 8:04 | Reinforced Defenses |
| 8:58 | Watch Tower |
| 9:00 | Watch Tower |
| 9:04 | Beastiary |
| 9:59 | Peon |
| 9:59 | Peon |
| 10:00 | Peon |
| 10:00 | Peon |
| 10:02 | Beastiary |
| 10:07 | Orc Burrow |
| 11:03 | Liquid Fire |
| 11:06 | Troll Batrider |
| 11:27 | Peon |
| 11:27 | Peon |
| 11:40 | Soul Burn |
| 11:54 | Peon |
| 11:57 | Orc Burrow |
| 12:17 | Troll Batrider |
| 12:23 | Peon |
| 12:32 | Steel Ranged Weapons |
| 12:39 | Hex |
| 12:41 | Wind Walk |
| 13:13 | Incinerate |
| 13:27 | Troll Batrider |
| 13:32 | Watch Tower |
| 13:35 | Spiked Barricades |
| 13:39 | Spirit Lodge |
| 13:44 | Spirit Walker |
| 13:45 | Spirit Walker |
| 14:14 | Watch Tower |
| 14:45 | Peon |
| 14:46 | Peon |
| 14:46 | Peon |
| 14:46 | Peon |
| 14:57 | Watch Tower |
| 15:10 | Watch Tower |
| 15:15 | Troll Batrider |
| 15:17 | Shaman Adept Training |
| 15:36 | Orc Burrow |
| 17:06 | Troll Batrider |
| 17:06 | Troll Batrider |
| 17:06 | Troll Batrider |
| 17:14 | Watch Tower |
| 17:15 | Watch Tower |
| 17:24 | Beastiary |
| 18:00 | Watch Tower |
| 18:01 | Watch Tower |
| 18:04 | Peon |
| 18:18 | Troll Batrider |
| 18:30 | Troll Batrider |
| 18:52 | Troll Batrider |
| 18:59 | Peon |
| 18:59 | Peon |
| 19:06 | Orc Burrow |
| 19:55 | Troll Batrider |
| 19:58 | Serpent Ward |
| 20:14 | Shaman Master Training |
| 20:14 | Shaman |
| 21:17 | Troll Batrider |
| 21:21 | Great Hall |
| 21:47 | Troll Batrider |
| 22:05 | Peon |
| 22:05 | Peon |
| 22:06 | Peon |
| 22:53 | Troll Batrider |
| 23:45 | Troll Batrider |
| 24:04 | Peon |
| 24:04 | Peon |
| 24:06 | Watch Tower |
| 24:36 | Troll Batrider |
| 24:48 | Watch Tower |
| 24:49 | Watch Tower |
| 24:51 | Peon |
| 24:51 | Peon |
| 24:51 | Peon |
| 24:51 | Peon |
| 25:23 | Troll Batrider |
| 25:26 | Troll Batrider |
| 25:45 | Shaman |
| 25:45 | Shaman |
| 26:45 | Watch Tower |
| 26:46 | Watch Tower |
| 26:50 | Great Hall |
| 26:52 | Peon |
| 27:37 | Troll Batrider |
| 27:38 | Troll Batrider |
| 27:42 | Soul Burn |
| 28:00 | Watch Tower |
| 28:02 | Peon |
| 28:02 | Peon |
| 28:29 | Shaman |
| 28:42 | Wind Walk |
| 29:20 | Troll Batrider |
| 29:20 | Troll Batrider |
| 30:16 | Thorium Armor |
| Right click | 1213 |
| Select | 539 |
| Chat | 309 |
| Build/train/purchase | 123 |
| Use ability | 113 |
| Remove unit | 1 |


| Rod of Necromancy | 2 | 300 |
| Orb of Corruption | 1 | 375 |
| Potion of Healing | 1 | 150 |
| Scroll of Healing | 1 | 250 |
| Scroll of Town Portal | 2 | 700 |
| Boots of Speed | 1 | 250 |
| Potion of Lesser Invulnerability | 1 | 150 |
| total: | 9 | 2175g |
| Acolyte | 17 | 1275 | / | 0 |
| Ghoul | 3 | 360 | / | 0 |
| Crypt Fiend | 11 | 2365 | / | 440 |
| Frost Wyrm | 5 | 1925 | / | 600 |
| total: | 36 | 5925g | / | 1040w |
| Nerubian Tower | 5 | 500 | / | 100 |
| Spirit Tower | 11 | 1595 | / | 440 |
| Altar of Darkness | 1 | 180 | / | 50 |
| Ziggurat | 20 | 3000 | / | 1000 |
| Crypt | 1 | 200 | / | 50 |
| Graveyard | 1 | 215 | / | 0 |
| Tomb of Relics | 1 | 130 | / | 30 |
| Necropolis | 1 | 225 | / | 0 |
| Sacrificial Pit | 1 | 75 | / | 150 |
| Boneyard | 2 | 350 | / | 400 |
| Halls of the Dead | 1 | 320 | / | 210 |
| Black Citadel | 1 | 325 | / | 230 |
| total: | 28 | 4375g | / | 1680w |
| 0:09 | Acolyte |
| 0:15 | Altar of Darkness |
| 0:17 | Ziggurat |
| 0:43 | Acolyte |
| 0:49 | Crypt |
| 1:10 | Graveyard |
| 1:35 | Tomb of Relics |
| 1:55 | Ghoul |
| 2:11 | Ghoul |
| 2:19 | Death Coil |
| 2:26 | Ziggurat |
| 2:36 | Ghoul |
| 2:39 | Rod of Necromancy |
| 3:23 | Crypt Fiend |
| 3:36 | Ziggurat |
| 3:42 | Crypt Fiend |
| 4:09 | Crypt Fiend |
| 4:19 | Crypt Fiend |
| 4:40 | Unholy Aura |
| 4:47 | Crypt Fiend |
| 4:49 | Nerubian Tower |
| 5:11 | Crypt Fiend |
| 5:36 | Rod of Necromancy |
| 5:38 | Acolyte |
| 6:35 | Halls of the Dead |
| 7:02 | Creature Attack |
| 7:07 | Death Coil |
| 7:39 | Creature Carapace |
| 8:31 | Crypt Fiend |
| 8:31 | Crypt Fiend |
| 8:36 | Boots of Speed |
| 8:36 | Potion of Lesser Invulnerability |
| 8:38 | Scroll of Healing |
| 8:49 | Crypt Fiend |
| 8:52 | Ziggurat |
| 8:57 | Ziggurat |
| 9:08 | Unholy Aura |
| 9:25 | Ziggurat |
| 9:26 | Ziggurat |
| 10:01 | Nerubian Tower |
| 10:19 | Burrow |
| 10:20 | Web |
| 10:47 | Black Citadel |
| 10:48 | Frost Nova |
| 11:15 | Spirit Tower |
| 11:16 | Nerubian Tower |
| 11:27 | Sacrificial Pit |
| 11:33 | Crypt Fiend |
| 11:38 | Improved Creature Attack |
| 12:06 | Crypt Fiend |
| 12:07 | Improved Creature Carapace |
| 13:12 | Nerubian Tower |
| 13:18 | Acolyte |
| 13:18 | Acolyte |
| 13:18 | Acolyte |
| 13:18 | Acolyte |
| 13:26 | Boneyard |
| 13:38 | Boneyard |
| 14:08 | Ziggurat |
| 14:34 | Death Coil |
| 14:43 | Freezing Breath |
| 15:10 | Frost Wyrm |
| 15:37 | Acolyte |
| 15:37 | Acolyte |
| 15:37 | Acolyte |
| 15:37 | Acolyte |
| 15:38 | Acolyte |
| 16:26 | Dark Ritual |
| 16:37 | Frost Wyrm |
| 16:39 | Frost Wyrm |
| 17:31 | Nerubian Tower |
| 17:38 | Spirit Tower |
| 17:39 | Spirit Tower |
| 18:01 | Ziggurat |
| 18:37 | Scroll of Town Portal |
| 18:38 | Orb of Corruption |
| 18:45 | Potion of Healing |
| 20:35 | Necropolis |
| 20:42 | Ziggurat |
| 21:37 | Frost Nova |
| 21:43 | Ziggurat |
| 21:44 | Spirit Tower |
| 21:47 | Ziggurat |
| 22:11 | Ziggurat |
| 22:21 | Spirit Tower |
| 22:28 | Ziggurat |
| 22:30 | Ziggurat |
| 22:33 | Ziggurat |
| 22:58 | Scroll of Town Portal |
| 23:29 | Advanced Creature Attack |
| 23:52 | Frost Wyrm |
| 24:02 | Spirit Tower |
| 24:19 | Spirit Tower |
| 24:31 | Acolyte |
| 24:59 | Spirit Tower |
| 25:08 | Ziggurat |
| 25:13 | Ziggurat |
| 25:40 | Frost Wyrm |
| 26:01 | Spirit Tower |
| 26:29 | Acolyte |
| 26:30 | Acolyte |
| 26:30 | Acolyte |
| 26:30 | Acolyte |
| 26:43 | Animate Dead |
| 26:50 | Advanced Creature Carapace |
| 27:26 | Ziggurat |
| 27:34 | Ziggurat |
| 28:32 | Spirit Tower |
| 28:33 | Spirit Tower |
| 30:23 | Dark Ritual |
| Right click | 1290 |
| Select | 554 |
| Select group | 547 |
| Build/train/purchase | 105 |
| Assign group | 78 |
| Use ability | 43 |
| Chat | 39 |
| Item give/drop | 4 |
| Misc. action | 3 |
| Remove unit | 1 |
100 units @ 11.7k
/ 2.3k
108 buildings @ 7.9k
/ 3.7k
DudeWhy
(236)
(30:43) : 

| Scroll of Regeneration | 1 | 100 |
| Staff of Teleportation | 1 | 150 |
| total: | 2 | 250g |
| Peasant | 25 | 1875 | / | 0 |
| Mortar Team | 12 | 2160 | / | 840 |
| Flying Machine | 2 | 200 | / | 60 |
| total: | 39 | 4235g | / | 900w |
| Scout Tower | 37 | 1110 | / | 740 |
| Guard Tower | 13 | 910 | / | 650 |
| Altar of Kings | 1 | 180 | / | 50 |
| Farm | 11 | 880 | / | 220 |
| Lumber Mill | 2 | 240 | / | 0 |
| Town Hall | 1 | 385 | / | 205 |
| Blacksmith | 1 | 140 | / | 60 |
| Arcane Vault | 1 | 130 | / | 30 |
| Workshop | 1 | 140 | / | 140 |
| Keep | 1 | 320 | / | 210 |
| total: | 55 | 3205g | / | 1445w |
| 0:03 | Peasant |
| 0:08 | Altar of Kings |
| 0:12 | Peasant |
| 0:20 | Farm |
| 0:22 | Peasant |
| 0:27 | Peasant |
| 0:35 | Lumber Mill |
| 0:51 | Peasant |
| 0:57 | Farm |
| 0:58 | Peasant |
| 1:19 | Peasant |
| 1:37 | Peasant |
| 1:44 | Peasant |
| 1:49 | Scout Tower |
| 1:50 | Peasant |
| 2:06 | Scout Tower |
| 2:08 | Scout Tower |
| 2:09 | Scout Tower |
| 2:16 | Scout Tower |
| 2:17 | Peasant |
| 2:20 | Farm |
| 2:22 | Peasant |
| 2:31 | Scout Tower |
| 2:32 | Scout Tower |
| 2:35 | Storm Bolt |
| 2:36 | Guard Tower |
| 2:39 | Guard Tower |
| 2:41 | Scout Tower |
| 2:41 | Scout Tower |
| 2:56 | Guard Tower |
| 3:00 | Improved Lumber Harvesting |
| 3:05 | Improved Masonry |
| 3:08 | Guard Tower |
| 3:10 | Peasant |
| 4:09 | Guard Tower |
| 4:11 | Scout Tower |
| 4:12 | Scout Tower |
| 4:13 | Scout Tower |
| 4:22 | Peasant |
| 4:22 | Peasant |
| 4:38 | Town Hall |
| 4:53 | Peasant |
| 5:15 | Guard Tower |
| 5:17 | Scout Tower |
| 5:17 | Scout Tower |
| 5:18 | Scout Tower |
| 5:18 | Scout Tower |
| 5:43 | Scout Tower |
| 6:09 | Guard Tower |
| 6:12 | Scout Tower |
| 6:14 | Scout Tower |
| 6:14 | Scout Tower |
| 6:26 | Bash |
| 6:27 | Bash |
| 6:31 | Peasant |
| 6:31 | Peasant |
| 6:34 | Advanced Masonry |
| 6:42 | Peasant |
| 6:43 | Keep |
| 7:38 | Guard Tower |
| 7:43 | Scout Tower |
| 8:00 | Scout Tower |
| 8:03 | Scout Tower |
| 8:03 | Scout Tower |
| 8:09 | Blacksmith |
| 8:20 | Peasant |
| 8:20 | Peasant |
| 8:20 | Peasant |
| 8:58 | Guard Tower |
| 9:02 | Scout Tower |
| 9:03 | Scout Tower |
| 9:04 | Scout Tower |
| 9:08 | Arcane Vault |
| 9:15 | Peasant |
| 9:15 | Peasant |
| 9:15 | Peasant |
| 9:43 | Black Gunpowder |
| 9:46 | Scout Tower |
| 9:48 | Scout Tower |
| 9:52 | Scout Tower |
| 9:54 | Guard Tower |
| 10:27 | Guard Tower |
| 10:34 | Scout Tower |
| 10:35 | Scout Tower |
| 10:36 | Scout Tower |
| 11:16 | Refined Gunpowder |
| 11:17 | Iron Plating |
| 11:32 | Staff of Teleportation |
| 12:20 | Guard Tower |
| 12:35 | Holy Light |
| 12:44 | Scout Tower |
| 12:44 | Scout Tower |
| 12:45 | Scout Tower |
| 12:45 | Scout Tower |
| 13:19 | Workshop |
| 13:46 | Lumber Mill |
| 14:25 | Farm |
| 14:27 | Farm |
| 14:28 | Farm |
| 14:30 | Farm |
| 14:58 | Guard Tower |
| 15:02 | Farm |
| 15:02 | Farm |
| 16:31 | Mortar Team |
| 16:31 | Mortar Team |
| 17:04 | Mortar Team |
| 18:08 | Flying Machine |
| 18:09 | Mortar Team |
| 18:09 | Mortar Team |
| 18:13 | Mortar Team |
| 18:51 | Farm |
| 18:53 | Farm |
| 21:38 | Flying Machine |
| 21:38 | Mortar Team |
| 21:39 | Mortar Team |
| 21:39 | Mortar Team |
| 23:57 | Mortar Team |
| 26:54 | Mortar Team |
| 26:54 | Mortar Team |
| 28:43 | Scroll of Regeneration |
| 29:31 | Storm Bolt |
| 29:34 | Storm Bolt |
| 30:04 | Divine Shield |
| 30:05 | Divine Shield |
| Right click | 1218 |
| Select group | 511 |
| Select | 293 |
| Build/train/purchase | 84 |
| Misc. action | 75 |
| Resource trade | 41 |
| Use ability | 36 |
| Assign group | 15 |
| Esc | 6 |
| Minimap ping | 3 |
| Item give/drop | 1 |
| Remove unit | 1 |


| Peasant | 11 | 825 | / | 0 |
| Dragonhawk Rider | 8 | 1600 | / | 240 |
| Flying Machine | 23 | 2300 | / | 690 |
| Mortar Team | 1 | 180 | / | 70 |
| total: | 43 | 4905g | / | 1000w |
| Scout Tower | 6 | 180 | / | 120 |
| Guard Tower | 6 | 420 | / | 300 |
| Altar of Kings | 1 | 180 | / | 50 |
| Farm | 11 | 880 | / | 220 |
| Lumber Mill | 1 | 120 | / | 0 |
| Blacksmith | 1 | 140 | / | 60 |
| Arcane Vault | 1 | 130 | / | 30 |
| Workshop | 3 | 420 | / | 420 |
| Gryphon Aviary | 1 | 140 | / | 150 |
| Keep | 1 | 320 | / | 210 |
| Castle | 1 | 360 | / | 210 |
| total: | 25 | 2190g | / | 1050w |
| 0:05 | Altar of Kings |
| 0:08 | Farm |
| 0:10 | Peasant |
| 0:39 | Peasant |
| 0:50 | Peasant |
| 1:04 | Peasant |
| 1:07 | Lumber Mill |
| 1:30 | Peasant |
| 1:31 | Peasant |
| 1:59 | Peasant |
| 2:26 | Scout Tower |
| 2:32 | Peasant |
| 2:32 | Peasant |
| 2:38 | Farm |
| 2:47 | Improved Masonry |
| 2:59 | Peasant |
| 3:03 | Storm Bolt |
| 3:12 | Guard Tower |
| 3:16 | Scout Tower |
| 3:33 | Keep |
| 3:51 | Guard Tower |
| 4:18 | Improved Lumber Harvesting |
| 4:27 | Scout Tower |
| 4:30 | Scout Tower |
| 4:48 | Scout Tower |
| 4:55 | Farm |
| 4:59 | Guard Tower |
| 5:22 | Guard Tower |
| 5:31 | Blacksmith |
| 5:41 | Guard Tower |
| 6:11 | Peasant |
| 6:16 | Scout Tower |
| 6:18 | Advanced Masonry |
| 6:42 | Castle |
| 6:44 | Black Gunpowder |
| 6:49 | Workshop |
| 7:01 | Guard Tower |
| 7:04 | Workshop |
| 7:22 | Workshop |
| 8:05 | Flak Cannons |
| 8:08 | Flare |
| 8:13 | Iron Plating |
| 8:24 | Refined Gunpowder |
| 8:52 | Farm |
| 9:03 | Flying Machine Bombs |
| 9:03 | Fragmentation Shards |
| 9:10 | Arcane Vault |
| 9:41 | Imbued Gunpowder |
| 9:47 | Imbued Masonry |
| 9:53 | Gryphon Aviary |
| 10:26 | Farm |
| 10:30 | Farm |
| 10:59 | Farm |
| 11:05 | Farm |
| 11:11 | Cloud |
| 11:29 | Farm |
| 11:30 | Steel Plating |
| 11:45 | Holy Light |
| 11:54 | Dragonhawk Rider |
| 11:55 | Dragonhawk Rider |
| 11:59 | Farm |
| 12:24 | Farm |
| 12:27 | Flying Machine |
| 12:27 | Flying Machine |
| 12:27 | Flying Machine |
| 12:27 | Flying Machine |
| 12:27 | Flying Machine |
| 12:36 | Mithril Plating |
| 12:58 | Flying Machine |
| 12:58 | Flying Machine |
| 13:37 | Flying Machine |
| 13:37 | Flying Machine |
| 13:53 | Flying Machine |
| 13:53 | Flying Machine |
| 14:10 | Flying Machine |
| 14:10 | Flying Machine |
| 14:25 | Dragonhawk Rider |
| 14:27 | Flying Machine |
| 14:27 | Flying Machine |
| 14:36 | Flying Machine |
| 16:26 | Flying Machine |
| 17:14 | Mortar Team |
| 18:19 | Dragonhawk Rider |
| 18:20 | Dragonhawk Rider |
| 18:20 | Dragonhawk Rider |
| 18:20 | Dragonhawk Rider |
| 23:44 | Dragonhawk Rider |
| 23:51 | Flying Machine |
| 23:51 | Flying Machine |
| 25:39 | Flying Machine |
| 25:40 | Flying Machine |
| 25:40 | Flying Machine |
| 25:40 | Flying Machine |
| Right click | 1154 |
| Select group | 656 |
| Select | 368 |
| Build/train/purchase | 81 |
| Misc. action | 75 |
| Chat | 29 |
| Assign group | 28 |
| Remove unit | 13 |
| Use ability | 10 |
| Minimap ping | 4 |

| Potion of Healing | 4 | 600 |
| Boots of Speed | 1 | 250 |
| Staff of Teleportation | 1 | 150 |
| Potion of Invisibility | 3 | 300 |
| Potion of Lesser Invulnerability | 1 | 150 |
| total: | 10 | 1450g |
| Peasant | 12 | 900 | / | 0 |
| Gryphon Rider | 6 | 1680 | / | 420 |
| total: | 18 | 2580g | / | 420w |
| Scout Tower | 9 | 270 | / | 180 |
| Arcane Tower | 2 | 140 | / | 100 |
| Guard Tower | 7 | 490 | / | 350 |
| Farm | 8 | 640 | / | 160 |
| Altar of Kings | 1 | 180 | / | 50 |
| Barracks | 1 | 160 | / | 60 |
| Lumber Mill | 1 | 120 | / | 0 |
| Blacksmith | 1 | 140 | / | 60 |
| Arcane Vault | 3 | 390 | / | 90 |
| Gryphon Aviary | 3 | 420 | / | 450 |
| Workshop | 1 | 140 | / | 140 |
| Keep | 8 | 2560 | / | 1680 |
| Castle | 1 | 360 | / | 210 |
| total: | 28 | 2460g | / | 1190w |
| 0:03 | Peasant |
| 0:09 | Farm |
| 0:12 | Peasant |
| 0:16 | Altar of Kings |
| 0:33 | Peasant |
| 0:42 | Barracks |
| 0:45 | Peasant |
| 0:54 | Peasant |
| 0:59 | Peasant |
| 1:14 | Peasant |
| 1:29 | Lumber Mill |
| 1:32 | Peasant |
| 1:39 | Peasant |
| 1:56 | Farm |
| 2:00 | Blacksmith |
| 2:12 | Scout Tower |
| 2:18 | Flame Strike |
| 2:24 | Peasant |
| 2:27 | Farm |
| 2:39 | Arcane Tower |
| 2:41 | Scout Tower |
| 2:49 | Farm |
| 2:52 | Scout Tower |
| 3:08 | Guard Tower |
| 3:10 | Peasant |
| 3:18 | Peasant |
| 3:25 | Improved Masonry |
| 3:39 | Guard Tower |
| 3:49 | Scout Tower |
| 3:50 | Improved Lumber Harvesting |
| 4:17 | Arcane Tower |
| 4:30 | Keep |
| 4:50 | Scout Tower |
| 4:51 | Scout Tower |
| 5:00 | Arcane Vault |
| 5:11 | Boots of Speed |
| 5:11 | Staff of Teleportation |
| 5:47 | Guard Tower |
| 6:18 | Guard Tower |
| 6:22 | Farm |
| 7:15 | Castle |
| 7:18 | Potion of Healing |
| 7:33 | Gryphon Aviary |
| 7:36 | Gryphon Aviary |
| 7:39 | Advanced Lumber Harvesting |
| 7:48 | Scout Tower |
| 7:50 | Scout Tower |
| 8:17 | Potion of Invisibility |
| 8:18 | Potion of Lesser Invulnerability |
| 8:25 | Guard Tower |
| 8:35 | Arcane Vault |
| 8:36 | Advanced Masonry |
| 8:50 | Guard Tower |
| 8:52 | Scout Tower |
| 8:53 | Arcane Vault |
| 9:28 | Gryphon Aviary |
| 9:47 | Guard Tower |
| 9:48 | Potion of Healing |
| 10:20 | Workshop |
| 10:44 | Storm Hammers |
| 11:27 | Farm |
| 11:28 | Farm |
| 11:30 | Gryphon Rider |
| 11:57 | Gryphon Rider |
| 12:24 | Potion of Healing |
| 12:44 | Gryphon Rider |
| 12:58 | Potion of Invisibility |
| 14:02 | Gryphon Rider |
| 14:36 | Gryphon Rider |
| 14:40 | Siphon Mana |
| 14:44 | Farm |
| 14:55 | Iron Plating |
| 15:01 | Potion of Healing |
| 15:40 | Potion of Invisibility |
| 15:49 | Imbued Masonry |
| 16:50 | Gryphon Rider |
| Right click | 733 |
| Select | 431 |
| Select group | 214 |
| Misc. action | 80 |
| Build/train/purchase | 71 |
| Assign group | 14 |
| Use ability | 13 |
| Resource trade | 12 |
| Minimap ping | 6 |
| Esc | 3 |
⇛